 Dungeon Crawl Stone Soup version 0.25-a0-316-gd28d56f9c5 (webtiles) character file.

Game seed: 7119240018028828874, levelgen mode: classic

289 Borgoz the Twirler (level 6, -4/37 HPs)
             Began as a Gargoyle Gladiator on Dec 24, 2019.
             Killed by divine providence
             ... invoked by an orc priest
              (17 damage)
             ... on level 4 of the Dungeon.
             The game lasted 00:04:27 (2203 turns).

Borgoz the Twirler (Gargoyle Gladiator)             Turns: 2203, Time: 00:04:29

Health: -4/37      AC: 12    Str: 17    XL:     6   Next: 31%
Magic:  6/6        EV: 11    Int:  9    God:
Gold:   160        SH:  0    Dex: 13    Spells: 5/5 levels left

rFire    . . .     SeeInvis .   a - +0 quarterstaff
rCold    . . .     Gourm    .   (shield currently unavailable)
rNeg     + . .     Faith    .   m - +0 scale mail
rPois    ∞         Spirit   .   c - +0 helmet
rElec    +         Reflect  .   (no cloak)
rCorr    .         Harm     .   (no gloves)
MR       .....                  (no boots)
Stlth    ..........             (no amulet)
HPRegen  0.12/turn              (no ring)
MPRegen  0.10/turn              (no ring)

@: about to teleport
A: negative energy resistance 1, electricity resistance, unbreathing,
petrification resistance, rot immunity, AC +4
a: no special abilities


You were on level 4 of the Dungeon.
You were not hungry.

You visited 1 branch of the dungeon, and saw 4 of its levels.

You collected 160 gold pieces.

Inventory:

Hand Weapons
 a - a +0 quarterstaff (weapon)
Missiles
 d - 3 throwing nets (quivered)
Armour
 c - a +0 helmet (worn)
 m - a +0 scale mail (worn)
Jewellery
 e - an uncursed ring of wizardry
Wands
 b - a wand of polymorph (7)
Scrolls
 h - a scroll of random uselessness {unknown}
 j - a scroll of fear {unknown}
 k - a scroll of immolation {unknown}
 l - 4 scrolls of teleportation
 r - 2 scrolls of remove curse {unknown}
Potions
 i - a potion of curing
 n - a potion of heal wounds {unknown}
 o - a potion of degeneration {unknown}
 p - a potion of lignification {unknown}
 q - a potion of agility {unknown}
Comestibles
 f - 4 rations
 g - a chunk of flesh


   Skills:
 + Level 3.5 Fighting
 * Level 4.6 Staves
 - Level 1.7 Throwing
 + Level 2.2 Armour
 * Level 3.8 Dodging


You had 5 spell levels left.
You didn't know any spells.
Your spell library was empty.

Dungeon Overview and Level Annotations

Branches:
Dungeon (4/15)
 Temple: D:4-7

Altars:


Innate Abilities, Weirdness & Mutations

You are resistant to torment.
Your stone body is resilient. (AC +4)
You are immune to poison.
You resist negative energy. (rN+)
You are resistant to electric shocks. (rElec)
You can survive without breathing.
You are immune to petrification.
You are immune to rotting.


Message History

The orc priest miscasts a cantrip.
Okay, then.
Okay, then.
You hit the orc wizard but do no damage.
The orc wizard barely misses you. The orc priest barely misses you.
You hit the orc wizard.
The orc wizard is lightly wounded.
The orc wizard hits you but does no damage.
The orc priest hits you but does no damage.
The orc priest looks satisfied for a moment.
The orc priest mumbles some strange prayers to Beogh against you.
Beogh smites you!
Okay, then.
As you read the scroll of teleportation, it crumbles to dust.
You feel strangely unstable. The orc wizard casts a spell at you.
The puff of flame hits you. The orc priest closely misses you.
The orc priest mumbles some strange prayers to Beogh against you.
Beogh smites you!
You die...

.......# .......#
#......# #######......#
###............# ####
#..............# #..#
#............[.#
##.#####........@o....#
#....##.....†...o.o....
##.##.##....####........
#...........'.....##....
#####.##....####### o..
#.....#...# ..
#####.#.#.# . #.#<#.#
#.###.#


You could see 3 orc priests and an orc wizard.

Vanquished Creatures
  A scorpion (D:4)
  An orc priest (D:3)
  A bullfrog skeleton (D:4)
  9 adders
  A worm (D:3)
  3 dart slugs (D:1)
  2 leopard geckos
  4 orcs (D:3)
  A ball python (D:2)
  8 bats
  4 giant cockroaches (D:3)
  3 goblins
  15 hobgoblins
  7 jackals (D:3)
  12 kobolds
  4 quokkas
  9 rats
85 creatures vanquished.

Notes
Turn   | Place    | Note
-------+----------+-------------------------------------------
     0 | D:1      | Borgoz the Gargoyle Gladiator began the quest for the Orb.
     0 | D:1      | Reached XP level 1. HP: 12/12 MP: 1/1
    48 | D:1      | Reached XP level 2. HP: 18/18 MP: 2/2
   470 | D:1      | Reached XP level 3. HP: 15/22 MP: 3/3
   472 | D:1      | Reached skill level 1 in Armour
   723 | D:2      | Reached XP level 4. HP: 25/27 MP: 4/4
  1399 | D:3      | Reached skill level 4 in Staves
  1399 | D:3      | Reached XP level 5. HP: 18/32 MP: 5/5
  2010 | D:4      | Reached XP level 6. HP: 21/37 MP: 6/6
  2203 | D:4      | Killed from afar by an orc priest

Levels and vault maps discovered:
D:1:      psy_arrival_radial01, layout_basic, minmay_heptomino_l4
D:2:      layout_basic, st_stairs_13
D:3:      layout_rooms, first_ration
D:4:      layout_basic, ebering_ghost_inner_flame, uniq_blork_the_orc, uniq_ijyb

Skill      XL: |  1  2  3  4  5 |
---------------+----------------+-----
Armour         | 1 2 |  2.2
Dodging        | 3 |  3.8
Fighting       | 3 |  3.5
Staves         | 4 |  4.6
Throwing       | |  1.7

Action                   |  1- 3 |  4- 6 || total
-------------------------+-------+-------++-------
Melee: Quarterstaff      |    76 |   225 ||   301
  Use: Scroll            |       |     3 ||     3
       Potion            |       |     2 ||     2
 Stab: Sleeping          |     1 |       ||     1
  Eat: Chunk             |       |     5 ||     5
Armor: Leather armour    |    27 |    67 ||    94
       Scale mail        |       |    50 ||    50
       Skin              |       |     3 ||     3
Dodge: Dodged            |    61 |   182 ||   243

Table legend:
 A = Non-vault XP
 B = Vault XP
 C = Vault XP percentage of total XP
 D = Non-vault monster count
 E = Vault monster count
 F = Vault count percentage of total count
                 A         B        C        D         E       F
            +---------+---------+-------+---------+---------+-------
      Total |     409 |       4 |   1.0 |      83 |       2 |   2.4
            +---------+---------+-------+---------+---------+-------
        D:1 |      41 |       2 |   4.7 |      21 |       1 |   4.5
        D:2 |      72 |       2 |   2.7 |      22 |       1 |   4.3
        D:3 |     187 |       0 |   0.0 |      38 |       0 |   0.0
        D:4 |     109 |       0 |   0.0 |       2 |       0 |   0.0
            +---------+---------+-------+---------+---------+-------
